 Dungeon Crawl Stone Soup version 0.24-a0-176-gc3651c4 (webtiles) character file.

Game seed: 12490776621018502711

130 Dfrag the Firebug (level 4, 0/30 HPs)
             Began as a Demonspawn Fire Elementalist on Mar 12, 2019.
             Slain by a worm (9 damage)
             ... on level 2 of the Dungeon.
             The game lasted 00:01:44 (1711 turns).

Dfrag the Firebug (Demonspawn Fire Elementalist)    Turns: 1711, Time: 00:01:44

Health: 0/30       AC:  3    Str:  9    XL:     4   Next: 90%
Magic:  7/8        EV: 12    Int: 17    God:
Gold:   95         SH:  0    Dex: 13    Spells: 8/9 levels left

rFire    . . .     SeeInvis +   e - +2 mace (drain)
rCold    . . .     Gourm    .   (no shield)
rNeg     . . .     Faith    .   a - +0 robe
rPois    .         Spirit   .   (no helmet)
rElec    .         Reflect  .   (no cloak)
rCorr    .         Harm     .   g - +0 pair of gloves
MR       .....                  (no boots)
Stlth    ++........             (no amulet)
HPRegen  0.10/turn              o - ring of see invisible
MPRegen  0.11/turn              (no ring)

@: no status effects
A: claws 1, sturdy frame 2
a: no special abilities


You were on level 2 of the Dungeon.
You were not hungry.

You visited 1 branch of the dungeon, and saw 2 of its levels.

You collected 95 gold pieces.

Inventory:

Hand Weapons
 e - a +2 mace of draining (weapon)
Armour
 a - a +0 robe (worn)
 g - a +0 pair of gloves (worn)
Jewellery
 o - a ring of see invisible (left hand)
Wands
 l - a wand of flame (14)
Scrolls
 d - 2 scrolls of identify {unknown}
 h - 3 scrolls of remove curse {unknown}
 i - a scroll of magic mapping {unknown}
 j - a scroll of teleportation {unknown}
 n - 2 scrolls of blinking {unknown}
Potions
 b - a potion of mutation {unknown}
 f - a potion of curing {unknown}
 k - a potion of heal wounds {unknown}
 m - a potion of cancellation {unknown}
 p - 3 potions of lignification {unknown}
Comestibles
 c - a ration
 q - a chunk of flesh


   Skills:
 - Level 1.7 Dodging
 - Level 1.7 Stealth
 + Level 3.1 Spellcasting
 + Level 2.8 Conjurations
 + Level 3.6 Fire Magic


You had 8 spell levels left.
You knew the following spells:

 Your Spells              Type           Power        Failure   Level  Hunger
a - Flame Tongue          Conj/Fire      ##...        4%          1    None

Your spell library contained the following spells:

 Spells                   Type           Power        Failure   Level  Hunger
 Throw Flame              Conj/Fire      ##....       7%          2    ##.....
 Conjure Flame            Conj/Fire      ##......     14%         3    ###....
 Inner Flame              Hex/Fire       #.......     24%         3    ###....
 Sticky Flame             Conj/Fire      ##......     41%         4    ####...
 Fireball                 Conj/Fire      ##........   77%         5    ######.


Dungeon Overview and Level Annotations

Branches:
Dungeon (2/15)

Altars:
Okawaru


Innate Abilities, Weirdness & Mutations

You have sharp fingernails.
Your movements are less encumbered by armour. (ER -4)


Message History

This raw flesh tastes terrible.
You now have 78 gold pieces (gained 9).
You now have 95 gold pieces (gained 17).
Your magical contamination has completely faded away.
Found a stone staircase leading up.
A worm comes into view.
A worm is nearby!
A worm is nearby!
The helpless worm fails to defend itself.
You hit the worm.
The worm is moderately wounded.
The worm bites you.
You hit the worm. You drain the worm.
The worm is heavily wounded.
The worm bites you.
* * * LOW HITPOINT WARNING * * *
You sock the worm!
The worm is severely wounded.
The worm bites you!
You die...

#########
#.......#
#########.#####.#
#.......#.# #.#
###@###.#.#####.#
#########
#.w.#.........#
........#
###.#<#.#....##
........########
.#.#.......##
...#............
..........>#
♣.......########
.#..........#
.♣......########
#............#
♣.♣.....'....... .
...........#
.♣.♣....##########
#.#..##....#


You could see a worm.

Vanquished Creatures
  Jessica (D:2)
  Terence (D:2)
  An adder (D:2)
  3 gnolls (D:2)
  2 dart slugs (D:1)
  A leopard gecko (D:2)
  3 bats
  5 goblins
  3 hobgoblins
  4 jackals (D:2)
  A quokka (D:2)
  A frilled lizard (D:1)
  8 kobolds
  3 rats
37 creatures vanquished.

Notes
Turn   | Place    | Note
-------+----------+-------------------------------------------
     0 | D:1      | Dfrag the Demonspawn Fire Elementalist began the quest for
                  | the Orb.
     0 | D:1      | Reached XP level 1. HP: 13/13 MP: 3/3
    93 | D:1      | Gained mutation: Your movements are slightly less
                  | encumbered by armour. (ER -2) [demonic ancestry]
    93 | D:1      | Reached XP level 2. HP: 5/19 MP: 0/5
  1139 | D:2      | Noticed Jessica
  1144 | D:2      | Killed Jessica
  1144 | D:2      | Gained mutation: Your movements are less encumbered by
                  | armour. (ER -4) [demonic ancestry]
  1144 | D:2      | Reached XP level 3. HP: 20/24 MP: 3/6
  1366 | D:2      | Noticed Terence
  1380 | D:2      | Killed Terence
  1380 | D:2      | Gained mutation: You have sharp fingernails. [demonic
                  | ancestry]
  1380 | D:2      | Reached XP level 4. HP: 22/30 MP: 2/8
  1403 | D:2      | Found an iron altar of Okawaru.
  1711 | D:2      | Slain by a worm

Levels and vault maps discovered:
D:1:      dpeg_arrival_short_road, layout_basic, minmay_tetromino_i2
D:2:      layout_basic, okawaru_trees_2, uniq_terence, uniq_jessica

Skill      XL: |  1  2  3  4 |
---------------+-------------+-----
Fire Magic     | 3 |  3.6
Conjurations   | 2 |  2.8
Spellcasting   | 3 |  3.1
Dodging        | |  1.7
Stealth        | |  1.7

Action                   |  1- 3 |  4- 6 || total
-------------------------+-------+-------++-------
Melee: Mace              |    27 |    25 ||    52
 Cast: Flame Tongue      |    31 |    18 ||    49
 Stab: Sleeping          |     2 |     1 ||     3
  Eat: Chunk             |     2 |     1 ||     3
Armor: Robe              |     9 |     6 ||    15
Dodge: Dodged            |    18 |    27 ||    45

Table legend:
 A = Non-vault XP
 B = Vault XP
 C = Vault XP percentage of total XP
 D = Non-vault monster count
 E = Vault monster count
 F = Vault count percentage of total count
                 A         B        C        D         E       F
            +---------+---------+-------+---------+---------+-------
      Total |     108 |      79 |  42.2 |      33 |       4 |  10.8
            +---------+---------+-------+---------+---------+-------
        D:1 |      25 |       6 |  19.4 |      14 |       2 |  12.5
        D:2 |      83 |      73 |  46.8 |      19 |       2 |   9.5
            +---------+---------+-------+---------+---------+-------
